[Event "26th Triest Festival 2024"]
[Site "Triest"]
[Date "2024.09.03"]
[Round "6.11"]
[White "Dobrovoljc, Vid"]
[Black "Gueci, Tea"]
[Result "1-0"]
[Annotator "TA"]
[ECO "B31"]
[WhiteElo "2387"]
[BlackElo "2199"]
[PlyCount "77"]
[EventDate "2024.09.02"]
[EventType "swiss"]
[EventCountry "ITA"]
[SourceTitle "playchess.com"]
[Source "ChessBase"]
[SourceQuality "1"]
[TimeControl "5400+30"]

1. e4 c5 2. Nf3 Nc6 3. Bb5 g6 4. O-O Bg7 5. Nc3 Nd4 6. Nxd4 cxd4 7. Ne2 a6 8. Ba4 b5 9. Bb3 Bb7 10. d3 {[%emt 0:01:08] White is slightly better.} e6 11. f4 Ne7 12. Qe1 O-O 13. Qf2 a5 {[%emt 0:19:46] [#] Threatens to win with ...a4.} 14. a3 (14. Nxd4 $2 a4 15. Be3 axb3 16. axb3 b4 $19) (14. a4 $1 $16) 14... Qb6 15. c3 Nc6 (15... b4 $11 16. axb4 axb4 17. Rxa8 Rxa8 18. cxd4 f5) 16. Nxd4 $16 Nxd4 17. Be3 $1 a4 18. Ba2 Rac8 19. Rae1 (19. cxd4 d5 $11) (19. Bxd4 Bxd4 20. cxd4 (20. Qxd4 Qxd4+ 21. cxd4 Rc2 $11) 20... d5 $11) 19... Ba6 {[%emt 0:06:22][%cal Ob5b4] [#]} 20. f5 exf5 $14 21. exf5 gxf5 22. Bxd4 (22. cxd4 $6 b4 23. Qxf5 b3 $11) 22... Bxd4 23. cxd4 b4 24. axb4 {[%emt 0:02:03] aiming for Re5.} (24. Qxf5 Qxd4+ 25. Rf2 Bxd3 26. Bxf7+ Kh8 $11) 24... Qxb4 (24... Kh8 $1 $14) 25. Re5 $40 {[%emt 0:03:14][%mdl 128] White is out for blood.} (25. Qxf5 Qxd4+ 26. Kh1 Bxd3 $15) 25... Rc2 $2 {[%emt 0:03:28][%mdl 8192] Black cannot hold the game after this.} 26. Qxf5 $18 {[%emt 0:03:58] White threatens Qg5+ and mate.} (26. Qxc2 Qxd4+ 27. Rf2 Qxe5 $15) 26... Qxd4+ 27. Kh1 Rc6 {[%emt 0:00:46] [#]} 28. Re8 $3 Qg7 (28... Qf6 29. Qg4+) 29. Qxf7+ (29. Bxf7+ $142 Kh8 30. Rxf8+ (30. Qxd7 Rc8 $14) 30... Qxf8 31. Qe5+ (31. Qxd7 Rc8 $18) 31... Rf6 32. Qxf6+ (32. Rxf6 Kg7 33. Rf5+ Kh6 34. Rh5#) 32... Qg7 33. Qd8+ Qg8 34. Qxg8#) 29... Qxf7 {[%emt 0:00:30] White is clearly winning.} 30. Bxf7+ Kg7 31. Rxf8 Kxf8 {[%emt 0:01:27][%mdl 4096] Endgame. KRB-KRB} 32. Bd5+ Ke7 33. Bxc6 dxc6 {[%emt 0:00:02][%cal Bd7c6,Bc6c5][%mdl 32] KR-KB} 34. Rf4 Bxd3 35. Rxa4 Bg6 36. Kg1 Kd6 37. Kf2 Kd5 38. Ke3 c5 39. g4 {[%emt 0:00:20] Weighted Error Value: White=0.30/Black=0.51.  Loses game:     	---       	Black=1      Mistake:       	White=2     	Black=2      Inaccurate:     	White=1     	Black=3      OK:         	White=7     	Black=5      Best:        	White=2     	---        Strong:       	White=1     	---} 1-0

[Event "26th Triest Festival 2024"]
[Site "Triest"]
[Date "2024.09.03"]
[Round "6.12"]
[White "Schlegel, Igor"]
[Black "Schnaider, Ilan"]
[Result "1-0"]
[Annotator "TA"]
[ECO "B87"]
[WhiteElo "2212"]
[BlackElo "2409"]
[PlyCount "55"]
[EventDate "2024.09.02"]
[EventType "swiss"]
[EventCountry "ITA"]
[SourceTitle "playchess.com"]
[Source "ChessBase"]
[SourceQuality "1"]
[TimeControl "5400+30"]

1. e4 c5 2. Nf3 d6 3. d4 cxd4 4. Nxd4 Nf6 5. Nc3 a6 6. Bc4 e6 7. Be3 b5 8. Bb3 Be7 9. f3 b4 10. Na4 Bd7 11. Qd2 O-O {[%emt 0:09:08] White is slightly better.} (11... Qa5 12. a3 $16) 12. Qxb4 Nc6 $1 13. Qd2 {[%emt 0:04:31] White is more active.} Ne5 {[%emt 0:01:19] [#]} 14. O-O (14. Nc3 $1 $16) 14... d5 $14 15. exd5 Bxa4 16. Bxa4 Nc4 {[%emt 0:03:28] [#]} 17. Qe2 Nxe3 18. Nc6 Qb6 19. Nxe7+ Kh8 20. Qf2 exd5 21. Rfe1 {[%emt 0:06:36][%cal Bf1e1,Be1e5,Be5h5][%mdl 32] Prevents d4} d4 22. c3 {[%emt 0:00:47][%cal Bc2c3,Bc3d4][%mdl 32] Prevents Qb4.} Nh5 (22... Rad8 $16) 23. cxd4 $18 Nc4 24. Rac1 Nxb2 (24... Nd6 25. d5 Qxf2+ 26. Kxf2 g6) 25. Rb1 (25. Nd5 $142 Qb8 26. Rb1) 25... Qa5 (25... Qb4 26. Re5 (26. Qxb2 Qxa4 27. d5 Nf6 $18) 26... Ra7) 26. Re5 Qxa4 27. Rxh5 ({Not} 27. Qxb2 Nf6 $16) ({Weaker is} 27. Rxb2 Rab8 $16) 27... g6 {[%emt 0:00:19] [#]} 28. Qh4 $1 {[%emt 0:00:33] Weighted Error Value: White=0.19 (very precise) /Black=0.91.  Mistake:       	White=2     	Black=3      Inaccurate:     	---       	Black=5      OK:         	White=10    	Black=7      Best:        	White=5     	---        Strong:       	---       	Black=1} 1-0